ORI
UNIVERSITY OF GEORGIA BULLDOGS @ UNIVERSITY OF VIRGINIA CAVALIERS
10/12/2047
 
TOP OF THE 1ST
University of Georgia Bulldogs batting - Pitching for University of Virginia Cavaliers : RHP Jesus Castaneda
Pitching: RHP Jesus Castaneda
Batting: RHB Nate McCormick 0-0: Called Strike
0-1: Ball
1-1: Swinging Strike
1-2: Ball
2-2: Foul Ball, location: 2F
2-2: SINGLE (Line Drive, 7S, EV 101.9 MPH)
Batting: LHB Dennis Klein 0-0: Foul Ball, location: 2F
0-1: Ball
1-1: Foul Ball, location: 2F
1-2: Ball
2-2: Ball
3-2: Base on Balls
Nate McCormick to second
Batting: LHB Casey Bass 0-0: Ball
1-0: Foul Ball, location: 2F
1-1: Ball
2-1: Ball
3-1: Foul Ball, location: 2F
3-2: Base on Balls
Nate McCormick to third
Dennis Klein to second
Batting: RHB Rodolfo Solis 0-0: Foul Ball, location: 2F
0-1: Called Strike
0-2: Foul Ball, location: 2F
0-2: Ball
1-2: Ball
2-2: Ball
3-2: Foul Ball, location: 2F
3-2: Base on Balls
Nate McCormick scores
Dennis Klein to third
Casey Bass to second
Batting: RHB Pat Svenson 0-0: Ball
1-0: Called Strike
1-1: Foul Ball, location: 2F
1-2: Strikes out swinging
Batting: RHB Rich Gold 0-0: Ball
1-0: Swinging Strike
1-1: Fly out, F4 (Popup, 4MD, EV 53.1 MPH)
Batting: LHB Luis Mejia 0-0: Called Strike
0-1: Ball
1-1: Swinging Strike
1-2: Strikes out swinging
Top of the 1st over - 1 run, 1 hit, 0 errors, 3 left on base; University of Georgia 1 - University of Virginia 0
BOTTOM OF THE 1ST
University of Virginia Cavaliers batting - Pitching for University of Georgia Bulldogs : LHP Aloiki Orana
Pitching: LHP Aloiki Orana
Batting: RHB Luke Bertrand 0-0: Ball
1-0: Swinging Strike
1-1: Foul Ball, location: 2F
1-2: Ground out 5-3 (Groundball, 56, EV 89.4 MPH)
Batting: SHB Ethan Lewis 0-0: Ball
1-0: Foul Ball, location: 2F
1-1: SINGLE (Groundball, P, EV 88.8 MPH) (infield hit)
Batting: RHB Rob Coble 0-0: Ball
1-0: Ball
2-0: Grounds into double play, 5-4-3 (Groundball, 56S, EV 88.1 MPH)
Bottom of the 1st over - 0 runs, 1 hit, 0 errors, 0 left on base; University of Georgia 1 - University of Virginia 0
TOP OF THE 2ND
University of Georgia Bulldogs batting - Pitching for University of Virginia Cavaliers : RHP Jesus Castaneda
Batting: RHB Albert Rodriguez 0-0: Ground out 6-3 (Groundball, 6MS, EV 70.0 MPH)
Batting: LHB Edwin Zavala 0-0: Called Strike
0-1: Ball
1-1: Ground out 4-3 (Groundball, 4, EV 105.0 MPH)
Batting: RHB Nate McCormick 0-0: Ball
1-0: Reached on error, E5 (Groundball, 56, EV 100.0 MPH)
Batting: LHB Dennis Klein 0-0: Foul Ball, location: 2F
0-1: Swinging Strike
0-2: Strikes out looking
Top of the 2nd over - 0 runs, 0 hits, 1 error, 1 left on base; University of Georgia 1 - University of Virginia 0
BOTTOM OF THE 2ND
University of Virginia Cavaliers batting - Pitching for University of Georgia Bulldogs : LHP Aloiki Orana
Batting: LHB Alex Aguilar 0-0: Ball
1-0: Ball
2-0: Foul Ball, location: 2F
2-1: Ground out 5-3 (Groundball, 56, EV 80.0 MPH)
Batting: RHB Jason Lambert 0-0: Called Strike
0-1: Ball
1-1: Ball
2-1: SOLO HOME RUN (Flyball, 7D, EV 95.6 MPH), Distance : 370 ft
Batting: LHB Ray Nichter 0-0: Ball
1-0: Swinging Strike
1-1: Ball
2-1: Foul Ball, location: 2F
2-2: Ball
3-2: Strikes out swinging
Batting: RHB Allen McCaskill 0-0: Called Strike
0-1: Ground out 4-3 (Groundball, 4M, EV 80.0 MPH)
Bottom of the 2nd over - 1 run, 1 hit, 0 errors, 0 left on base; University of Georgia 1 - University of Virginia 1
TOP OF THE 3RD
University of Georgia Bulldogs batting - Pitching for University of Virginia Cavaliers : RHP Jesus Castaneda
Batting: LHB Casey Bass 0-0: Ball
1-0: Called Strike
1-1: Swinging Strike
1-2: Foul Ball, location: 2F
1-2: Foul Ball, location: 2F
1-2: Ball
2-2: Strikes out swinging
Batting: RHB Rodolfo Solis 0-0: Called Strike
0-1: Fly out, F7 (Flyball, 7, EV 72.5 MPH)
Batting: RHB Pat Svenson 0-0: Called Strike
0-1: Foul Ball, location: 2F
0-2: Ball
1-2: Ball
2-2: Strikes out swinging
Top of the 3rd over - 0 runs, 0 hits, 0 errors, 0 left on base; University of Georgia 1 - University of Virginia 1
BOTTOM OF THE 3RD
University of Virginia Cavaliers batting - Pitching for University of Georgia Bulldogs : LHP Aloiki Orana
Batting: RHB Jason Thresher 0-0: Ball
1-0: Called Strike
1-1: SOLO HOME RUN (Flyball, 9D, EV 97.5 MPH), Distance : 387 ft
Batting: RHB Sean Carswell 0-0: Foul Ball, location: 2F
0-1: Foul Ball, location: 2F
0-2: Ball
1-2: Ball
2-2: Strikes out swinging
Batting: RHB Luke Bertrand 0-0: Called Strike
0-1: Ball
1-1: SINGLE (Line Drive, 56D, EV 95.0 MPH)
Batting: SHB Ethan Lewis Pickoff Throw to First - Out! 1-3
0-0: Ball
1-0: Called Strike
1-1: Foul Ball, location: 2F
1-2: Foul Ball, location: 2F
1-2: Strikes out looking and he ARGUES THE CALL AND IS TOSSED!
Bottom of the 3rd over - 1 run, 2 hits, 0 errors, 0 left on base; University of Georgia 1 - University of Virginia 2
TOP OF THE 4TH
University of Georgia Bulldogs batting - Pitching for University of Virginia Cavaliers : RHP Jesus Castaneda
Now in CF: Jose Velez
Batting: RHB Rich Gold 0-0: Called Strike
0-1: Ball
1-1: Ball
2-1: Ground out 4-3 (Groundball, 4S, EV 85.6 MPH)
Batting: LHB Luis Mejia 0-0: Called Strike
0-1: Foul Ball, location: 2F
0-2: Ground out 4-3 (Groundball, 4, EV 100.0 MPH)
Batting: RHB Albert Rodriguez 0-0: Ball
1-0: Ground out 4-3 (Groundball, 4, EV 82.5 MPH)
Top of the 4th over - 0 runs, 0 hits, 0 errors, 0 left on base; University of Georgia 1 - University of Virginia 2
BOTTOM OF THE 4TH
University of Virginia Cavaliers batting - Pitching for University of Georgia Bulldogs : LHP Aloiki Orana
Batting: RHB Rob Coble 0-0: Called Strike
0-1: Ball
1-1: Foul Ball, location: 2F
1-2: Strikes out swinging
Batting: LHB Alex Aguilar 0-0: Swinging Strike
0-1: Swinging Strike
0-2: Ball
1-2: Ball
2-2: Ball
3-2: SOLO HOME RUN (Flyball, 89XD, EV 103.1 MPH), Distance : 421 ft
Batting: RHB Jason Lambert 0-0: Called Strike
0-1: Ball
1-1: Ball
2-1: Foul Ball, location: 2F
2-2: Ball
3-2: Strikes out looking
Batting: LHB Ray Nichter 0-0: Ball
1-0: Fly out, F4 (Flyball, 34D, EV 81.2 MPH)
Bottom of the 4th over - 1 run, 1 hit, 0 errors, 0 left on base; University of Georgia 1 - University of Virginia 3
TOP OF THE 5TH
University of Georgia Bulldogs batting - Pitching for University of Virginia Cavaliers : RHP Jesus Castaneda
Batting: LHB Edwin Zavala 0-0: Called Strike
0-1: Ball
1-1: Ball
2-1: Ground out 2-3 (Groundball, 2L, EV 68.8 MPH)
Batting: RHB Nate McCormick 0-0: Ball
1-0: Fly out, F8 (Flyball, 8LM, EV 96.2 MPH)
Batting: LHB Dennis Klein 0-0: Called Strike
0-1: Ball
1-1: Called Strike
1-2: Foul Ball, location: 2F
1-2: Ground out 6-3 (Groundball, 6, EV 82.5 MPH)
Top of the 5th over - 0 runs, 0 hits, 0 errors, 0 left on base; University of Georgia 1 - University of Virginia 3
BOTTOM OF THE 5TH
University of Virginia Cavaliers batting - Pitching for University of Georgia Bulldogs : LHP Aloiki Orana
Batting: RHB Allen McCaskill 0-0: Called Strike
0-1: Called Strike
0-2: Strikes out swinging
Batting: RHB Jason Thresher 0-0: Ball
1-0: Called Strike
1-1: Ball
2-1: Ground out 5-3 (Groundball, 5L, EV 100.6 MPH)
Batting: RHB Sean Carswell 0-0: Ball
1-0: Called Strike
1-1: Ball
2-1: Called Strike
2-2: Foul Ball, location: 2F
2-2: Ball
3-2: Foul Ball, location: 2F
3-2: Foul Ball, location: 2F
3-2: Strikes out looking
Bottom of the 5th over - 0 runs, 0 hits, 0 errors, 0 left on base; University of Georgia 1 - University of Virginia 3
TOP OF THE 6TH
University of Georgia Bulldogs batting - Pitching for University of Virginia Cavaliers : RHP Jesus Castaneda
Pitching: RHP Tofik Javakhov
Batting: LHB Casey Bass 0-0: Swinging Strike
0-1: Ball
1-1: Ground out 3-1 (Groundball, 3D, EV 106.9 MPH)
Batting: RHB Rodolfo Solis 0-0: DOUBLE (Line Drive, 78D, EV 105.0 MPH)
Batting: RHB Pat Svenson 0-0: Called Strike
0-1: 2-RUN HOME RUN (Line Drive, 7LD, EV 98.8 MPH), Distance : 363 ft
Batting: RHB Rich Gold 0-0: Called Strike
0-1: Ball
1-1: Reached on error, E6 (Groundball, 6, EV 93.8 MPH)
Batting: LHB Luis Mejia 0-0: Ball
1-0: Ground out 4-3 (Groundball, 4, EV 88.1 MPH)
Rich Gold to third
Batting: RHB Albert Rodriguez 0-0: Ground out 3-1 (Groundball, 34S, EV 87.5 MPH)
Top of the 6th over - 2 runs, 2 hits, 1 error, 1 left on base; University of Georgia 3 - University of Virginia 3
BOTTOM OF THE 6TH
University of Virginia Cavaliers batting - Pitching for University of Georgia Bulldogs : LHP Aloiki Orana
Pitching: RHP Li-zhu Liu
Batting: RHB Luke Bertrand 0-0: Swinging Strike
0-1: Ball
1-1: Foul Ball, location: 2F
1-2: Ball
2-2: Ball
3-2: Foul Ball, location: 2F
3-2: SINGLE (Line Drive, 34D, EV 94.4 MPH)
Batting: RHB Jose Velez 0-0: Called Strike
0-1: Ball
1-1: Fielders Choice at 2nd, 6-4 (Groundball, 6, EV 88.8 MPH)
Batting: RHB Rob Coble 0-0: Called Strike
Jose Velez steals 2nd base
0-1: Ball
1-1: Ball
2-1: Ball
3-1: 2-RUN HOME RUN (Flyball, 8RXD, EV 111.9 MPH), Distance : 440 ft
Batting: LHB Alex Aguilar 0-0: Ball
1-0: Foul Ball, location: 2F
1-1: SINGLE (Groundball, 4MS, EV 72.5 MPH) (infield hit)
Pitching: RHP Tony Fox
Batting: RHB Jason Lambert 0-0: Called Strike
0-1: Ball
1-1: Ball
2-1: Foul Ball, location: 2F
2-2: Fly out, F8 (Flyball, 8LM, EV 89.4 MPH)
Batting: LHB Ray Nichter 0-0: Foul Ball, location: 2F
0-1: Ball
1-1: Foul Ball, location: 2F
1-2: Foul Ball, location: 2F
1-2: Foul Ball, location: 2F
1-2: Strikes out swinging
Bottom of the 6th over - 2 runs, 3 hits, 0 errors, 1 left on base; University of Georgia 3 - University of Virginia 5
TOP OF THE 7TH
University of Georgia Bulldogs batting - Pitching for University of Virginia Cavaliers : RHP Tofik Javakhov
Batting: LHB Edwin Zavala 0-0: Called Strike
0-1: Foul Ball, location: 2F
0-2: Foul Ball, location: 2F
0-2: Hit by Pitch
Batting: RHB Nate McCormick 0-0: Called Strike
0-1: Foul Ball, location: 2F
0-2: Ball
1-2: Fly out, F8 (Line Drive, 8RXD, EV 87.5 MPH)
Batting: LHB Dennis Klein 0-0: Ball
Edwin Zavala steals 2nd base
1-0: Ball
2-0: Ball
3-0: Called Strike
3-1: Fly out, F6 (Line Drive, 6MD, EV 74.4 MPH)
Batting: LHB Casey Bass 0-0: Ball
1-0: Foul Ball, location: 2F
1-1: Ball
2-1: Foul Ball, location: 2F
2-2: Ball
3-2: Base on Balls
Batting: RHB Rodolfo Solis 0-0: Ball
1-0: Foul Ball, location: 2F
1-1: Ball
2-1: Foul Ball, location: 2F
2-2: Ball
3-2: Foul Ball, location: 2F
3-2: Base on Balls
Edwin Zavala to third
Casey Bass to second
Pitching: RHP Moses Villas
Pinch Hitting: LHB Andy Dyer 0-0: Fly out, F8 (Flyball, 8RD, EV 92.5 MPH)
Top of the 7th over - 0 runs, 0 hits, 0 errors, 3 left on base; University of Georgia 3 - University of Virginia 5
BOTTOM OF THE 7TH
University of Virginia Cavaliers batting - Pitching for University of Georgia Bulldogs : RHP Tony Fox
Now in RF: Ed Howard
Batting: RHB Allen McCaskill 0-0: Ball
1-0: Ball
2-0: Ground out 4-3 (Groundball, 34, EV 78.8 MPH)
Batting: RHB Jason Thresher 0-0: Called Strike
0-1: Called Strike
0-2: Ball
1-2: Foul Ball, location: 2F
1-2: Ball
2-2: Ground out 5-3 (Groundball, 56, EV 87.5 MPH)
Batting: RHB Sean Carswell 0-0: Ground out 4-3 (Groundball, 4, EV 80.6 MPH)
Bottom of the 7th over - 0 runs, 0 hits, 0 errors, 0 left on base; University of Georgia 3 - University of Virginia 5
TOP OF THE 8TH
University of Georgia Bulldogs batting - Pitching for University of Virginia Cavaliers : RHP Moses Villas
Batting: RHB Rich Gold 0-0: Swinging Strike
0-1: Ball
1-1: Ball
2-1: Called Strike
2-2: Foul Ball, location: 2F
2-2: Ground out 4-3 (Groundball, 4, EV 91.2 MPH)
Batting: LHB Luis Mejia 0-0: Called Strike
0-1: Ball
1-1: Ball
2-1: Swinging Strike
2-2: Ground out 4-3 (Groundball, 34D, EV 102.5 MPH)
Batting: RHB Albert Rodriguez 0-0: Ball
1-0: Ground out 6-3 (Groundball, 6M, EV 103.8 MPH)
Top of the 8th over - 0 runs, 0 hits, 0 errors, 0 left on base; University of Georgia 3 - University of Virginia 5
BOTTOM OF THE 8TH
University of Virginia Cavaliers batting - Pitching for University of Georgia Bulldogs : RHP Tony Fox
Pitching: RHP Pacu Panic
Batting: RHB Luke Bertrand 0-0: Ground out 6-3 (Groundball, 6, EV 107.5 MPH)
Batting: RHB Jose Velez 0-0: Ball
1-0: DOUBLE (Flyball, 7LD, EV 107.5 MPH)
Batting: RHB Rob Coble 0-0: Ball
1-0: Ball
2-0: Ball
3-0: Base on Balls
Batting: LHB Alex Aguilar 0-0: Ball
1-0: Ball
2-0: Called Strike
2-1: Swinging Strike
2-2: Ball
3-2: Strikes out swinging
Batting: RHB Jason Lambert 0-0: Ball
1-0: Ball
2-0: Called Strike
2-1: Foul Ball, location: 2F
2-2: Ball
3-2: Strikes out looking
Bottom of the 8th over - 0 runs, 1 hit, 0 errors, 2 left on base; University of Georgia 3 - University of Virginia 5
TOP OF THE 9TH
University of Georgia Bulldogs batting - Pitching for University of Virginia Cavaliers : RHP Moses Villas
Pitching: LHP Cory Byler
Pinch Hitting: RHB Javier Alcorta 0-0: Ball
1-0: Foul Ball, location: 2F
1-1: Foul Ball, location: 2F
1-2: Ball
2-2: Ball
3-2: Fly out, F6 (Line Drive, 6M, EV 73.1 MPH)
Batting: RHB Nate McCormick 0-0: Ball
1-0: Ground out 5-3 (Groundball, 56S, EV 66.9 MPH)
Batting: LHB Dennis Klein 0-0: Ball
1-0: Called Strike
1-1: Ball
2-1: SINGLE (Line Drive, 56D, EV 98.1 MPH)
Batting: LHB Casey Bass 0-0: Ball
1-0: Ball
2-0: Ball
3-0: Called Strike
3-1: Base on Balls
Dennis Klein to second
Batting: RHB Rodolfo Solis 0-0: Ball
1-0: Swinging Strike
1-1: Ball
2-1: DOUBLE (Flyball, 78D, EV 108.1 MPH)
Dennis Klein scores
Casey Bass to third
Runner from 3rd tries for Home, SAFE, throw by LF to home
Pitching: LHP Justin Frost
Batting: RHB Ed Howard 0-0: Swinging Strike
0-1: Foul Ball, location: 2F
0-2: Fly out, F9 (Flyball, 89D, EV 85.0 MPH)
Top of the 9th over - 2 runs, 2 hits, 0 errors, 1 left on base; University of Georgia 5 - University of Virginia 5
BOTTOM OF THE 9TH
University of Virginia Cavaliers batting - Pitching for University of Georgia Bulldogs : RHP Pacu Panic
Pitching: LHP Andres Caceres
Now in CF: Javier Alcorta
Batting: LHB Ray Nichter 0-0: Called Strike
0-1: Ground out 6-3 (Groundball, 6, EV 75.6 MPH)
Batting: RHB Allen McCaskill 0-0: Called Strike
0-1: Ball
1-1: Ground out U3 (Groundball, 3, EV 84.4 MPH)
Batting: RHB Jason Thresher 0-0: Ball
1-0: Ball
2-0: Ground out 4-3 (Groundball, 4, EV 87.5 MPH)
Bottom of the 9th over - 0 runs, 0 hits, 0 errors, 0 left on base; University of Georgia 5 - University of Virginia 5
TOP OF THE 10TH
University of Georgia Bulldogs batting - Pitching for University of Virginia Cavaliers : LHP Justin Frost
Batting: RHB Rich Gold 0-0: Called Strike
0-1: Ball
1-1: Ball
2-1: Ground out 1-3 (Groundball, P, EV 65.6 MPH)
Batting: LHB Luis Mejia 0-0: Foul Ball, location: 2F
0-1: Swinging Strike
0-2: Ball
1-2: Ball
2-2: Ball
3-2: Fly out, F5 (Popup, 15S, EV 93.8 MPH)
Batting: RHB Albert Rodriguez 0-0: Fly out, F8 (Flyball, 89M, EV 85.0 MPH)
Top of the 10th over - 0 runs, 0 hits, 0 errors, 0 left on base; University of Georgia 5 - University of Virginia 5
BOTTOM OF THE 10TH
University of Virginia Cavaliers batting - Pitching for University of Georgia Bulldogs : LHP Andres Caceres
Pinch Hitting: LHB Josh Glass 0-0: Ball
1-0: Swinging Strike
1-1: Ball
2-1: Foul Ball, location: 2F
2-2: Foul Ball, location: 2F
2-2: Foul Ball, location: 2F
2-2: Foul Ball, location: 2F
2-2: Ball
3-2: Foul Ball, location: 2F
3-2: Fly out, F8 (Flyball, 8LD, EV 100.6 MPH)
Batting: RHB Luke Bertrand 0-0: Ball
1-0: Swinging Strike
1-1: Ground out 4-3 (Groundball, 4, EV 81.2 MPH)
Batting: RHB Jose Velez 0-0: Foul Ball, location: 2F
0-1: Ball
1-1: Foul Ball, location: 2F
1-2: Foul Ball, location: 2F
1-2: Fly out, F8 (Flyball, 8RD, EV 100.6 MPH)
Bottom of the 10th over - 0 runs, 0 hits, 0 errors, 0 left on base; University of Georgia 5 - University of Virginia 5
TOP OF THE 11TH
University of Georgia Bulldogs batting - Pitching for University of Virginia Cavaliers : LHP Justin Frost
Now at C: Josh Glass
Batting: RHB Javier Alcorta 0-0: Called Strike
0-1: Ball
1-1: Called Strike
1-2: Ball
2-2: Foul Ball, location: 2F
2-2: Foul Ball, location: 2F
2-2: Ball
3-2: Base on Balls
Pitching: RHP Jason Odle
Batting: RHB Nate McCormick 0-0: Foul Ball, location: 2F
0-1: Swinging Strike
0-2: Foul Ball, location: 2F
0-2: Fly out, F9 (Flyball, 9D, EV 105.6 MPH)
Batting: LHB Dennis Klein 0-0: Foul Ball, location: 2F
0-1: Ball
1-1: Fielders Choice at 2nd, 1-6 (Groundball, 13S, EV 69.4 MPH)
Batting: LHB Casey Bass 0-0: Called Strike
0-1: Foul Ball, location: 2F
0-2: Strikes out swinging
Top of the 11th over - 0 runs, 0 hits, 0 errors, 1 left on base; University of Georgia 5 - University of Virginia 5
BOTTOM OF THE 11TH
University of Virginia Cavaliers batting - Pitching for University of Georgia Bulldogs : LHP Andres Caceres
Batting: RHB Rob Coble 0-0: Foul Ball, location: 2F
0-1: Swinging Strike
0-2: Foul Ball, location: 2F
0-2: Ball
1-2: Ball
2-2: Ground out 5-3 (Groundball, 56S, EV 61.2 MPH)
Batting: LHB Alex Aguilar 0-0: Ball
1-0: Called Strike
1-1: SOLO HOME RUN (Flyball, 89XD, EV 111.2 MPH), Distance : 411 ft
Bottom of the 11th over - 1 run, 1 hit, 0 errors, 0 left on base; University of Georgia 5 - University of Virginia 6
Thursday, December 15th , 2022 - OOTP Baseball 23.9 Build 102